AoeStats
← Tarongil

Nomad

509932027Analyzed
4v4 RM · 2d ago on Sep 28, 2026· 42m 19s· 8 players
Game mode
Random Map
Map size
231×231
Population
200
Speed
Normal
Resources
Standard
Victory
Conquest
Starting age
Dark Age
Ending age
Imperial Age
RankedLock teamsTeams togetherTeam positionsShared explorationLock speedFull tech treeHidden civsTurbo modeCheats
Victory
Defeat
🇲🇽 Japanese · Mexico
1245
+13
🇳🇴 Italians · Norway
1245
+13
🇨🇿 Varangians · Czechia
1209
+14
🇧🇪 Burgundians · Belgium
1185
+15
🇸🇪 Danes · Sweden
1317
-19
🇸🇪 Saxons · Sweden
1187
-14
🇬🇧 Varangians · United Kingdom
1171
-14
🇸🇪 Huns · Sweden
1024
-8
Nova_Wolf
4:37 Loom
13:19 Feudal Age
19:08 Castle Age
17:35 Double-Bit Axe
18:09 Gold Mining
18:24 Fletching
25:37 Wheelbarrow
25:01 Arson
25:40 Herbal Medicine
34:18 Imperial Age
31:58 Horse Collar
32:35 Bow Saw
33:39 Forging
33:29 Scale Mail Armor
34:55 Squires
35:32 Iron Casting
35:25 Conscription
34:52 Gambesons
36:29 Siege Engineers
37:25 Chemistry
36:36 Masonry
36:39 Gambesons
37:26 Murder Holes
39:05 Blast Furnace
39:23 Kataparuto
Dagis
6:07 Loom
13:43 Feudal Age
17:44 Castle Age
17:27 Double-Bit Axe
18:59 Bow Saw
22:37 Fletching
25:34 Bodkin Arrow
25:53 Crossbowman
26:00 Crossbowman
32:22 Wheelbarrow
in'Thomas
3:39 Loom
10:26 Wheelbarrow
10:51 Double-Bit Axe
13:39 Feudal Age
19:06 Castle Age
17:23 Bow Saw
17:20 Scale Barding Armor
18:04 Gold Mining
18:57 Forging
20:28 Chain Barding Armor
21:15 Stone Mining
21:57 Horse Collar
25:19 Heavy Plow
27:02 Iron Casting
26:45 Cavalier
27:31 Fletching
27:47 Town Watch
32:30 Hand Cart
35:14 Imperial Age
33:49 Husbandry
34:14 Bodkin Arrow
37:50 Plate Barding Armor
38:37 Murder Holes
39:12 Ballistics
42:11 Gold Shaft Mining
41:08 Light Cavalry
43:00 Hoardings
Mimon
12:21 Loom
14:35 Feudal Age
18:04 Fletching
24:09 Castle Age
22:05 Double-Bit Axe
22:29 Fishing Lines
22:46 Gold Mining
22:49 Stone Mining
24:17 Wheelbarrow
25:46 Bodkin Arrow
31:46 Imperial Age
29:37 Careening
30:09 Town Watch
31:21 Scale Mail Armor
31:31 Forging
32:29 Gillnets
35:44 Squires
36:02 Chain Mail Armor
36:02 Forging
37:52 Elite Varangian Guard
38:49 Gambesons
39:36 Plate Mail Armor
39:42 Iron Casting
40:57 Clinker Construction
42:46 Bow Saw
tommybee
14:17 Feudal Age
18:04 Castle Age
18:37 Wheelbarrow
19:25 Forging
19:15 Scale Mail Armor
24:07 Hand Cart
24:21 Double-Bit Axe
26:05 Loom
26:45 Arson
28:46 Bloodlines
32:28 Horse Collar
34:53 Chain Mail Armor
35:09 Heavy Plow
adam.stendahl
16:38 Feudal Age
21:52 Castle Age
19:45 Double-Bit Axe
20:00 Horse Collar
22:49 Heavy Plow
23:03 Gold Mining
26:24 Padded Archer Armor
27:25 Fletching
28:52 Bow Saw
30:53 Thumb Ring
32:06 Loom
33:41 Leather Archer Armor
33:22 Bodkin Arrow
36:37 Scale Barding Armor
36:43 Forging
40:07 Iron Casting
39:53 Chain Barding Armor
hillpwn
3:54 Loom
16:07 Feudal Age
17:37 Town Watch
20:21 Castle Age
18:29 Double-Bit Axe
28:58 Fletching
35:15 Bodkin Arrow
35:02 Horse Collar
36:35 Forging
37:20 Scale Mail Armor
38:41 Chain Mail Armor
39:17 Clerical Recruitment
Tarongil
4:56 Loom
13:04 Feudal Age
17:19 Castle Age
16:15 Double-Bit Axe
19:06 Bow Saw
19:27 Fletching
24:10 Horse Collar
26:06 Scale Mail Armor
29:13 Chain Mail Armor
29:36 Squires
29:22 Arson
34:00 Wheelbarrow
35:38 Heavy Plow
36:14 Town Watch
36:07 Hamask
37:36 Bodkin Arrow
37:52 Forging
38:13 Man-at-Arms
38:39 Gambesons
40:19 Iron Casting
39:30 Long Swordsman
Connection lost

Rejoining the realm…

Still unreachable

The connection could not be restored.

Session expired

The server has moved on; the page needs a fresh start.